AoeStats
← haris.hadziabdic

Arena

507441578Analyzed
1v1 RM · 14d ago on Sep 18, 2026· 84m 18s· 2 players
Game mode
Random Map
Map size
Tiny (2 player)
Population
200
Speed
Normal
Resources
Standard
Victory
Conquest
Starting age
Dark Age
Ending age
Imperial Age
RankedLock teamsTeams togetherTeam positionsShared explorationLock speedFull tech treeHidden civsTurbo modeCheats
Victory
Defeat
🇩🇪 Turks · Germany
657
+16
🇺🇸 Teutons · United States
667
-16
shoti_gung
10:57 Feudal Age
13:28 Loom
16:28 Castle Age
14:58 Gold Mining
15:03 Double-Bit Axe
15:40 Horse Collar
16:57 Bloodlines
19:51 Husbandry
25:46 Wheelbarrow
25:23 Bow Saw
25:06 Fletching
25:13 Stone Mining
25:39 Town Watch
26:24 Heavy Plow
27:40 Bodkin Arrow
28:53 Fervor
29:04 Sanctity
29:08 Hand Cart
30:15 Forging
30:12 Scale Barding Armor
30:56 Gold Shaft Mining
34:29 Imperial Age
34:13 Ballistics
34:05 Masonry
34:07 Fortified Wall
36:10 Two-Man Saw
37:10 Town Patrol
37:51 Architecture
39:09 Chain Barding Armor
39:25 Iron Casting
39:39 Theocracy
39:20 Heavy Camel Rider
40:20 Artillery
40:42 Conscription
42:06 Blast Furnace
44:03 Bodkin Arrow
44:44 Plate Barding Armor
44:25 Murder Holes
46:10 Elite Janissary
47:26 Hoardings
48:23 Bracer
48:24 Padded Archer Armor
53:31 Leather Archer Armor
60:35 Thumb Ring
60:55 Parthian Tactics
59:54 Heavy Cavalry Archer
65:58 Bombard Tower
66:10 Architecture
77:49 Capped Ram
haris.hadziabdic
10:21 Feudal Age
16:29 Castle Age
14:58 Double-Bit Axe
17:46 Bow Saw
17:17 Horse Collar
18:34 Wheelbarrow
18:37 Fervor
18:51 Sanctity
29:43 Imperial Age
26:59 Loom
27:01 Town Watch
28:00 Scale Barding Armor
27:47 Fletching
28:16 Stone Mining
28:18 Gold Mining
30:00 Bloodlines
30:13 Chain Barding Armor
30:03 Forging
31:40 Chemistry
31:00 Heavy Plow
31:39 Cavalier
33:07 Bodkin Arrow
33:39 Conscription
35:41 Plate Barding Armor
35:42 Iron Casting
36:04 Masonry
36:58 Hand Cart
38:02 Hoardings
37:59 Ballistics
39:26 Crop Rotation
39:42 Town Patrol
39:45 Capped Ram
40:26 Scale Mail Armor
41:27 Blast Furnace
42:49 Squires
42:35 Arson
43:07 Chain Mail Armor
43:15 Ironclad
44:53 Guilds
45:15 Plate Mail Armor
45:20 Elite Teutonic Knight
47:32 Siege Engineers
47:41 Fortified Wall
48:50 Crenellations
48:25 Guard Tower
48:21 Arrowslits
49:55 Sappers
50:38 Devotion
54:02 Keep
53:50 Bombard Tower
54:34 Two-Man Saw
53:37 Padded Archer Armor
58:19 Paladin
Connection lost

Rejoining the realm…

Still unreachable

The connection could not be restored.

Session expired

The server has moved on; the page needs a fresh start.